 Dungeon Crawl Stone Soup version 0.24.0-123-gd5b16e6ec5 (webtiles) character file.

Game seed: 3714215597174116948, levelgen mode: deterministic

26192 TomasB23 the Bludgeoner (level 12, -7/113 HPs)
             Began as a Minotaur Fighter on Jan 29, 2020.
             Was a High Priest of the Shining One.
             Mangled by a two-headed ogre (illusionary)
             ... wielding a +0 giant spiked club
              (9 damage)
             ... on level 15 of the Dungeon.
             The game lasted 00:48:59 (12819 turns).

TomasB23 the Bludgeoner (Minotaur Fighter)         Turns: 12819, Time: 00:48:59

Health: -7/113     AC: 18    Str: 26    XL:     12   Next: 96%
Magic:  0/13       EV: 10    Int:  5    God:    the Shining One [*****.]
Gold:   658        SH: 15    Dex: 15    Spells: 11/11 levels left

rFire    + . .     SeeInvis .   I - +3 mace (venom)
rCold    x . .     Gourm    .   c - +2 shield
rNeg     + + +     Faith    .   n - +2 plate armour {rF+}
rPois    +         Spirit   +   C - +0 hat {MR+}
rElec    +         Reflect  .   p - scarf {Spirit}
rCorr    .         Harm     .   H - +0 pair of gloves "Poxesu" {rElec rPois rC- rN+}
MR       ++...                  (no boots)
Stlth    ..........             (no amulet)
HPRegen  0.28/turn              y - +3 ring of dexterity
MPRegen  0.13/turn              D - ring of protection from magic

@: about to teleport, glowing
A: retaliatory headbutt, hooves 1, horns 2, strong 1
a: Divine Shield, Cleansing Flame, Summon Divine Warrior, Renounce Religion


You were on level 15 of the Dungeon.
You worshipped the Shining One.
The Shining One was extremely pleased with you.
You were not hungry.

You visited 1 branch of the dungeon, and saw 14 of its levels.

You collected 658 gold pieces.

Inventory:

Hand Weapons
 a - a +1 flail
 I - a +3 mace of venom (weapon)
 P - a +2 dire flail of protection
Missiles
 t - 44 sling bullets
 u - 117 bolts
Armour
 c - a +2 shield (worn)
 n - a +2 plate armour of fire resistance (worn)
 p - a scarf of spirit shield (worn)
 v - a +0 large shield
 C - a +0 hat of magic resistance (worn)
 H - the +0 pair of gloves "Poxesu" (worn) {rElec rPois rC- rN+}
   (You found it on level 12 of the Dungeon)

   It makes you vulnerable to cold.
   It insulates you from electricity.
   It protects you from poison.
   It protects you from negative energy.
Jewellery
 y - a +3 ring of dexterity (left hand)
 D - a ring of protection from magic (right hand)
 L - an uncursed ring of protection from fire
Wands
 b - a wand of acid (7)
 k - a wand of polymorph (11)
 M - a wand of iceblast (5)
Scrolls
 d - a scroll of enchant armour
 e - 4 scrolls of magic mapping
 g - 6 scrolls of remove curse
 j - a scroll of teleportation
 G - a scroll of identify
 J - 2 scrolls of amnesia
Potions
 h - 3 potions of heal wounds
 i - 2 potions of flight
 l - a potion of magic {unknown}
 m - 8 potions of curing
 o - 3 potions of mutation
 q - a potion of resistance {unknown}
 r - 3 potions of ambrosia
 s - 2 potions of lignification
 w - 3 potions of brilliance
 x - 3 potions of cancellation
 z - 2 potions of haste {unknown}
 A - a potion of invisibility {unknown}
 B - a potion of berserk rage {unknown}
 F - a potion of might
 K - a potion of degeneration {unknown}
Comestibles
 f - 14 rations


   Skills:
 - Level 12.9 Fighting
 - Level 15.6 Maces & Flails
 - Level 11.0 Armour
 - Level 5.3 Dodging
 - Level 11.0 Shields
 * Level 2.8 Evocations


You had 11 spell levels left.
You didn't know any spells.
Your spell library contained the following spells:

 Spells                   Type           Power        Failure   Level  Hunger
 Corona                   Hex            #......      100%        1    ##.....
 Magic Dart               Conj           #...         100%        1    ##.....
 Blink                    Tloc           N/A          100%        2    ###....
 Call Imp                 Summ           #.......     100%        2    ###....
 Ensorcelled Hibernation  Hex/Ice        #.....       100%        2    ###....
 Poisonous Vapours        Pois/Air       #.....       100%        2    ###....
 Slow                     Hex            #.......     100%        2    ###....
 Confuse                  Hex            #.......     100%        3    ####...
 Conjure Flame            Conj/Fire      #.......     100%        3    ####...
 Dazzling Spray           Conj/Hex       #.....       100%        3    ####...
 Inner Flame              Hex/Fire       #.......     100%        3    ####...
 Mephitic Cloud           Conj/Pois/Air  #.......     100%        3    ####...
 Portal Projectile        Hex/Tloc       #.....       100%        3    ####...
 Tukima's Dance           Hex            #.......     100%        3    ####...
 Cause Fear               Hex            #.........   100%        4    #####..
 Leda's Liquefaction      Hex/Erth       #.........   100%        4    #####..
 Bolt of Magma            Conj/Fire/Erth #.........   100%        5    ######.
 Iskenderun's Battlesphe  Conj/Chrm      #.......     100%        5    ######.
 Venom Bolt               Conj/Pois      #.........   100%        5    ######.
 Freezing Cloud           Conj/Ice/Air   #.........   100%        6    #######
 Iron Shot                Conj/Erth      #.........   100%        6    #######
 Orb of Destruction       Conj           #.........   100%        7    #######
 Ring of Flames           Chrm/Fire      #.........   100%        7    #######
 Spellforged Servitor     Conj/Summ      #.........   100%        7    #######


Dungeon Overview and Level Annotations

Branches:
Dungeon (15/15)            Temple (0/1) D:4            Lair (0/6) D:11
 Depths (0/5) D:15
    Orc: D:9-12      Vaults: D:13-14

Altars:
Cheibriados
Elyvilon
Makhleb
Okawaru
The Shining One
Beogh

Shops:
D:4 :


Innate Abilities, Weirdness & Mutations

You reflexively headbutt those who attack you in melee.
You have a pair of horns on your head.
You have large cloven feet.
Your muscles are strong. (Str +2)


Message History

The two-headed ogre hits you with a +0 giant spiked club!!
* * * LOW HITPOINT WARNING * * *
You block the two-headed ogre's attack.
You hit the rakshasa but do no damage. You kick the rakshasa!
The rakshasa is heavily wounded.
The two-headed ogre hits you with a +0 giant spiked club!!
* * * LOW HITPOINT WARNING * * *
The two-headed ogre hits you but does no damage.
The rakshasa barely misses you. You furiously retaliate!
You headbutt the rakshasa, but do no damage.
As you read the scroll of teleportation, it crumbles to dust.
You feel strangely unstable.
The two-headed ogre hits you with a +0 giant spiked club!!
The Shining One protects you from harm!
The two-headed ogre hits you but does no damage.
You block the rakshasa's attack.
The two-headed ogre hits you with a +0 giant spiked club.
The Shining One protects you from harm!
The two-headed ogre hits you with a +0 giant club!
You die...

### ##...##..##....#. ##[# ###
##....##.####..... #..###.#
#.....##))........ ##...##.##
................. #........#
#................
#.......########.##.............
##....[.#..#..........[.........
##.............?.......#........
#........(.....@R......#........
#.......#.....OO......##........
##......#......R......#.........
# #......#..................<....
###.....##.......................
#........<...........####.##.....
.....................# #####....
.....................#######.....
.........................##......


You could see 2 rakshasas and 2 two-headed ogres.

Vanquished Creatures
  A yaktaur captain (D:15)
  A hydra (D:11)
  Erica (D:11)
  Fannar (D:11)
  A centaur warrior (D:15)
  An ogre mage (D:15)
  4 two-headed ogres
  The ghost of CannibalFerox the Quickloader, a novice DgHu (D:9)
  Pikel (D:9)
  A deep elf mage (D:15)
  8 ugly things
  2 komodo dragons
  2 tengu conjurers (D:12)
  A yaktaur (D:15)
  2 trolls
  4 slime creatures (D:15)
  Grinder (D:5)
  A hornet (D:11)
  5 hippogriffs
  Sigmund (D:3)
  19 yaks
  A shadow (D:11)
  3 hogs (D:7)
  A human (D:7)
  4 wraiths (D:9)
  A hungry ghost (D:9)
  2 wargs (D:11)
  4 orc warriors
  An eye of draining (D:10)
  A phantom (D:5)
  7 sky beasts
  2 ice beasts
  A black bear (D:10)
  A necrophage (D:8)
  9 ogres
  7 centaurs
  A big kobold (D:9)
  9 bullfrogs
  A wyvern zombie (D:10)
  A water moccasin zombie (D:9)
  A wyvern skeleton (D:12)
  10 wights
  An electric eel (D:10)
  13 howler monkeys
  4 crimson imps
  A quasit (D:5)
  8 hounds
  5 jellies
  5 centaur skeletons
  5 orc priests
  2 bullfrog skeletons
  16 orc wizards
  An iguana (D:12)
  9 worker ants
  Terence (D:3)
  A hound zombie (D:8)
  A worker ant zombie (D:9)
  15 gnolls
  11 adders
  A shadow imp (D:6)
  4 oozes
  An adder zombie (D:5)
  2 worms
  2 dart slugs
  5 leopard geckos
  37 orcs
  5 giant cockroaches
  9 goblins
  7 hobgoblins
  12 jackals
  11 kobolds
  6 quokkas
  10 bats
  9 frilled lizards
  A leopard gecko skeleton (D:5)
  15 rats
363 creatures vanquished.

Vanquished Creatures (others)
  A quokka (D:15)
1 creature vanquished.

Grand Total: 364 creatures vanquished

Notes
Turn   | Place    | Note
-------+----------+-------------------------------------------
     0 | D:1      | TomasB23 the Minotaur Fighter began the quest for the Orb.
     0 | D:1      | Reached XP level 1. HP: 19/19 MP: 0/0
    35 | D:1      | Reached XP level 2. HP: 12/27 MP: 1/1
   369 | D:1      | Reached XP level 3. HP: 28/33 MP: 2/2
   587 | D:1      | Found a glowing golden altar of the Shining One.
   605 | D:1      | Reached skill level 3 in Maces & Flails
   627 | D:1      | Became a worshipper of the Shining One
  1542 | D:2      | Found an iron altar of Okawaru.
  1612 | D:2      | Reached XP level 4. HP: 40/40 MP: 3/3
  2184 | D:3      | Reached * piety under the Shining One
  2293 | D:3      | Reached skill level 4 in Maces & Flails
  2295 | D:3      | Reached XP level 5. HP: 37/47 MP: 4/4
  2450 | D:3      | Found a faded altar of an unknown god.
  2632 | D:3      | Noticed Terence
  2641 | D:3      | Killed Terence
  2868 | D:4      | Noticed Sigmund
  2889 | D:3      | Killed Sigmund
  2889 | D:3      | Reached skill level 5 in Maces & Flails
  2889 | D:3      | Reached skill level 5 in Armour
  2889 | D:3      | Reached skill level 1 in Dodging
  2889 | D:3      | Reached XP level 6. HP: 42/53 MP: 5/5
  2967 | D:3      | Reached skill level 5 in Shields
  3099 | D:4      | Found Towk's Book Emporium.
  3138 | D:4      | Found a staircase to the Ecumenical Temple.
  3252 | D:4      | Reached skill level 5 in Fighting
  3303 | D:4      | Reached skill level 6 in Maces & Flails
  3312 | D:4      | Reached XP level 7. HP: 47/61 MP: 6/6
  4013 | D:5      | Entered Level 5 of the Dungeon
  4069 | D:5      | Reached skill level 7 in Maces & Flails
  4139 | D:5      | Reached XP level 8. HP: 65/70 MP: 7/7
  4197 | D:5      | Reached skill level 8 in Maces & Flails
  4552 | D:5      | Reached ** piety under the Shining One
  4769 | D:5      | Found a burning altar of Makhleb.
  4826 | D:5      | Noticed Grinder
  4837 | D:5      | Killed Grinder
  4837 | D:5      | Reached skill level 9 in Maces & Flails
  5122 | D:6      | Found a snail-covered altar of Cheibriados.
  5219 | D:6      | Reached skill level 10 in Maces & Flails
  5327 | D:6      | Reached XP level 9. HP: 68/78 MP: 8/8
  5622 | D:6      | Gained mutation: Your muscles are strong. (Str +2) [potion
                  | of mutation]
  5622 | D:6      | Gained mutation: You have large cloven feet. [potion of
                  | mutation]
  5976 | D:7      | Reached skill level 11 in Maces & Flails
  6248 | D:8      | Noticed a two-headed ogre
  6259 | D:8      | Killed a two-headed ogre
  6259 | D:8      | Reached XP level 10. HP: 64/86 MP: 9/9
  6286 | D:8      | Reached skill level 12 in Maces & Flails
  6292 | D:8      | Noticed a two-headed ogre
  6304 | D:8      | Killed a two-headed ogre
  6642 | D:8      | Got a slimy quarterstaff
  7219 | D:9      | Reached *** piety under the Shining One
  7483 | D:9      | Reached skill level 13 in Maces & Flails
  7708 | D:9      | Found a runed translucent gate.
  7708 | D:9      | Found a runed translucent gate.
  7708 | D:9      | Found a runed translucent gate.
  7762 | D:9      | Noticed a two-headed ogre
  7773 | D:9      | Killed a two-headed ogre
  7773 | D:9      | Reached XP level 11. HP: 94/97 MP: 10/10
  7995 | D:9      | Noticed CannibalFerox's ghost (novice DgHu)
  8286 | D:9      | Noticed Pikel
  8297 | D:9      | Killed Pikel
  8521 | D:9      | Killed CannibalFerox's ghost
  8551 | D:9      | Reached **** piety under the Shining One
  8691 | D:10     | Entered Level 10 of the Dungeon
  8912 | D:10     | Noticed a red ugly thing
  8943 | D:10     | Killed a red ugly thing
  8943 | D:10     | Reached skill level 14 in Maces & Flails
  9149 | D:10     | Reached skill level 10 in Armour
  9244 | D:10     | Reached skill level 10 in Fighting
  9282 | D:10     | Got an encrusted dagger
  9465 | D:10     | Identified the cursed +0 dagger of the Seven Ships {pierce,
                  | *Rage +Inv Int+2 Stlth+} (You found it on level 10 of the
                  | Dungeon)
  9623 | D:11     | Noticed Fannar
  9654 | D:11     | Killed Fannar
  9681 | D:11     | Reached skill level 10 in Shields
 10122 | D:11     | Noticed Erica
 10134 | D:11     | Killed Erica
 10388 | D:11     | Reached XP level 12. HP: 103/107 MP: 11/11
 10456 | D:11     | Noticed a four-headed hydra
 10462 | D:11     | Killed a four-headed hydra
 10462 | D:11     | Reached skill level 5 in Dodging
 10470 | D:11     | Reached ***** piety under the Shining One
 11043 | D:11     | Found a staircase to the Lair.
 11592 | D:12     | Got a pair of brightly glowing gloves
 11603 | D:12     | Identified the cursed +0 pair of gloves "Poxesu" {rElec
                  | rPois rC- rN+} (You found it on level 12 of the Dungeon)
 11609 | D:12     | Noticed a two-headed ogre
 11619 | D:12     | Killed a two-headed ogre
 11860 | D:12     | You fall into a shaft and drop 2 floors!
 11860 | D:14     | Found a roughly hewn altar of Beogh.
 11874 | D:15     | Entered Level 15 of the Dungeon
 11925 | D:15     | Reached skill level 15 in Maces & Flails
 11980 | D:15     | Found a white marble altar of Elyvilon.
 12038 | D:15     | Noticed a two-headed ogre
 12039 | D:15     | Noticed an ogre mage
 12140 | D:15     | Killed an ogre mage
 12143 | D:15     | Noticed a rakshasa
 12702 | D:15     | Found a staircase to the Depths.
 12702 | D:15     | Noticed a yaktaur captain
 12712 | D:15     | Killed a yaktaur captain
 12725 | D:15     | Noticed a centaur warrior
 12731 | D:15     | Killed a centaur warrior
 12818 | D:15     | HP: 2/113 [two-headed ogre (illusionary)/+0 giant spiked
                  | club (26)]
 12819 | D:15     | The Shining One protects you from harm!
 12819 | D:15     | The Shining One protects you from harm!
 12819 | D:15     | Mangled by a two-headed ogre (illusionary)

Levels and vault maps discovered:
D:1:      lemuel_arrival_muddy, layout_basic, tso_metal_star
D:2:      layout_loops_ring, kennysheep_cluttered_room, okawaru_trees_1
D:3:      layout_basic, chequers_ecumenical_altar_grove, minmay_misc_feat_iff,
          minmay_fractal_squares_diagonal_5, uniq_terence
D:4:      layout_basic, temple_green, serial_shops, shop_fountains, uniq_sigmund
D:5:      layout_basic, kennysheep_mini_moat, first_ration, uniq_grinder
D:6:      layout_rooms, lemuel_doored_altar
D:7:      layout_rooms, grunt_livestock
D:8:      layout_loops_ring, corexii_corridor_pit, minivault_25
D:9:      layout_basic, gammafunk_ghost_spectres, st_stairs_12, uniq_pikel
D:10:     layout_basic
D:11:     layout_layer_cave, erik_lair_orcish_takeover, uniq_fannar, uniq_erica
D:12:     minmay_spotlight, layout_basic, david_orc_4
D:14:     layout_roguey [special_room_orc], david_vaults_3,
          david_defended_altar_orc
D:15:     grunt_enter_depths_snipers, layout_cave_pools, elyvilon_altar_4

Skill      XL: |  1  2  3  4  5  6  7  8  9 10 11 12 |
---------------+-------------------------------------+-----
Fighting       | 4 5 6 7 9 10 12 | 12.9
Shields        | 4 5 6 7 9 10 11 | 11.0
Armour         | 4 5 6 7 8 9 10 11 | 11.0
Maces & Flails | 3 4 5 6 7 10 11 13 14 15 | 15.6
Dodging        | 1 4 5 |  5.3
Evocations     | 2 |  2.8

Action                   |  1- 3 |  4- 6 |  7- 9 | 10-12 || total
-------------------------+-------+-------+-------+-------++-------
Melee: Flail             |   124 |   107 |   257 |   488 ||   976
       Headbutt          |     9 |    17 |    55 |   175 ||   256
       Kick              |       |       |    27 |   262 ||   289
       Mace              |       |       |       |   129 ||   129
Evoke: Wand              |       |       |       |     1 ||     1
  Use: Scroll            |     2 |     5 |     6 |    20 ||    33
       Potion            |       |     1 |     3 |     4 ||     8
  Eat: Chunk             |     2 |     4 |     8 |    10 ||    24
       Ration            |       |     1 |       |     4 ||     5
Armor: Scale mail        |    52 |    36 |     4 |       ||    92
       Plate armour      |       |       |    82 |   180 ||   262
Dodge: Dodged            |    32 |    36 |    41 |   136 ||   245
Block: Shield            |    62 |    52 |   120 |   383 ||   617
